Map: Defender's Landing LE

Players

Juxtapose

  • Race: Protoss Protoss
  • Spawn Location: 1:00

Xavier - Winner!

  • Race: Protoss Protoss
  • League: Silver
  • Spawn Location: 7:00

VOD

https://youtu.be/QkdW2SPDmik

Description

This was my first time ever dealing with the infamous Protoss Photon Canon Rush in StarCraft II.

After the fact I looked up how to counter this as Protoss yourself, and apparently I had the right idea at the begin with matching with my own Photon Canons, but I teched wrong.

Getting a Mothership Core would have helped too. Oops.

Time

  • Played on: May 12, 2017, 9:30 p.m.
  • Length: 8:26
Show
View Real Time Build Order
Export as new Build Order

Juxtapose Protoss 

Build Orders:  

Get SALT Encoding   

  12  0:01  Probe (Chrono Boost)  
  13  0:12  Probe (Chrono Boost)  
  14  0:22  Pylon  
  14  0:24  Probe (Chrono Boost)  
  15  0:40  Probe (Chrono Boost)  
  15  0:42  Gateway  
  16  0:49  Assimilator  
  16  0:51  Probe (Chrono Boost)  
  17  1:01  Probe (Chrono Boost)  
  18  1:12  Probe (Chrono Boost), Pylon  
  19  1:22  Probe (Chrono Boost)  
  20  1:29  Zealot, Forge  
  22  1:34  Probe (Chrono Boost)  
  22  1:36  Assimilator  
  23  1:43  Pylon  
  23  1:56  Zealot  
  23  2:01  Probe (Chrono Boost)  
  26  2:07  Photon Cannon  
  26  2:18  Photon Cannon  
  25  2:37  Photon Cannon  
  25  2:38  Zealot  
  25  3:01  Photon Cannon  
  25  3:04  Photon Cannon  
  25  3:05  Zealot  
  27  3:13  Cybernetics Core  
  22  3:35  Probe (Chrono Boost)  
  22  3:39  Photon Cannon  
  23  3:46  Probe (Chrono Boost)  
  23  3:48  Gateway  
  24  4:04  Pylon  
  24  4:14  Warp Gate  
  24  4:24  Gateway  
  24  4:27  Probe (Chrono Boost)  
  24  4:28  Adept  
  25  4:36  Adept  
  29  5:00  Robotics Facility  
  29  5:04  Adept  
  29  5:08  Adept  
  33  5:21  Adept  
  35  5:33  Adept  
  35  5:36  Adept  
  39  5:46  Pylon  
  39  5:51  Pylon  
  39  6:03  Warp Prism  
  41  6:40  Immortal  
  35  8:02  Pylon  
  31  8:06  Pylon  
Show
View Real Time Build Order
Export as new Build Order

Xavier Protoss - Winner!

Build Orders:  

Get SALT Encoding   

  12  0:02  Probe (Chrono Boost)  
  13  0:19  Pylon  
  13  0:21  Probe (Chrono Boost)  
  14  0:38  Forge  
  14  0:45  Pylon  
  14  0:55  Probe (Chrono Boost)  
  15  1:06  Probe (Chrono Boost)  
  16  1:14  Photon Cannon  
  16  1:16  Probe (Chrono Boost)  
  17  1:27  Probe (Chrono Boost)  
  17  1:30  Gateway  
  18  1:37  Probe (Chrono Boost)  
  19  1:50  Pylon  
  19  1:54  Probe (Chrono Boost)  
  19  1:56  Assimilator  
  19  2:01  Assimilator  
  20  2:04  Pylon  
  20  2:37  Zealot  
  22  2:46  Photon Cannon  
  22  2:54  Photon Cannon  
  22  3:01  Photon Cannon  
  22  3:05  Pylon  
  22  3:11  Zealot  
  24  3:16  Photon Cannon  
  24  3:40  Nexus  
  24  3:50  Zealot  
  26  4:04  Pylon  
  26  4:05  Cybernetics Core  
  26  4:15  Probe (Chrono Boost)  
  27  4:25  Probe (Chrono Boost)  
  27  4:27  Photon Cannon  
  28  4:36  Probe (Chrono Boost)  
  29  4:42  Photon Cannon  
  29  4:46  Probe (Chrono Boost)  
  30  4:58  Robotics Facility, Probe (Chrono Boost)  
  31  5:21  Probe (Chrono Boost)  
  32  5:30  Assimilator  
  32  5:32  Probe (Chrono Boost), Assimilator  
  34  5:42  Photon Cannon  
  34  5:43  Observer, Probe (Chrono Boost)  
  35  5:55  Probe (Chrono Boost), Stalker  
  38  5:59  Immortal  
  38  6:07  Probe (Chrono Boost)  
  43  6:25  Stalker  
  45  6:34  Immortal  
  49  6:42  Photon Cannon  
  49  6:44  Photon Cannon  
  51  6:47  Mothership Core (Chrono Boost)  
  51  6:51  Photon Cannon  
  51  6:52  Pylon  
  42  7:32  Immortal  
  47  8:11  Pylon  
  48  8:14  Photon Cannon  
  48  8:17  Photon Cannon  
Tags
 
League
Silver
Matchup
PvP
Spawn Locations
Cross Positions
Add a new tag
Caveats
  • Supply blocks, unpowered buildings, or Contaminate may cause inaccurate times.
  • Supply counts are checked every 10 seconds.